 Dungeon Crawl Stone Soup version 0.20.1-1-g8b1a95d (webtiles) character file.

21 darkhara the Firebug (level 2, -8/20 HPs)
             Began as a Demigod Fire Elementalist on Sept 6, 2017.
             Killed from afar by Ijyb (11 damage)
             ... with a wand of lightning (?/15)
             ... on level 4 of the Dungeon.
             The game lasted 00:07:59 (1005 turns).

darkhara the Firebug (Demigod Fire Elementalist)    Turns: 1005, Time: 00:08:00

Health: -8/20      AC:  2    Str: 11    XL:     2   Next: 48%
Magic:  1/8        EV: 12    Int: 19    God:
Gold:   56         SH:  6    Dex: 14    Spells: 2/5 levels left

rFire    . . .     SeeInvis +   s - +0 hand axe
rCold    . . .     Gourm    .   (no shield)
rNeg     . . .     Faith    .   a - +0 robe
rPois    .         Spirit   .   (no helmet)
rElec    .         Reflect  +   (no cloak)
rCorr    .         Harm     .   (no gloves)
MR       .....     Clarity  +   (no boots)
Stlth    ++........             g - +6 amulet of reflection
Regen    0.1/turn               j - ring of see invisible
MPRegen  0.2/turn               (no ring)

@: berserk cooldown, slowed, very slow
A: clarity, clumsy 1, high mp 2, wild magic 1
a: no special abilities


You were on level 4 of the Dungeon.
You were not hungry.

You visited 1 branch of the dungeon, and saw 3 of its levels.

You collected 56 gold pieces.

Inventory:

Hand Weapons
 d - a +0 dagger
 l - a +0 whip
 s - a +0 hand axe (weapon)
Missiles
 m - 29 bolts
 p - 20 arrows
Armour
 a - a +0 robe (worn)
 n - a +0 leather armour
Jewellery
 g - a +6 amulet of reflection (around neck)
 j - a ring of see invisible (left hand)
 r - an uncursed amulet of regeneration
Scrolls
 f - a scroll of fear
 q - a scroll of identify {unknown}
Potions
 e - a potion of lignification
Books
 b - a book of Flames

   Spells                             Type                      Level
   a - Flame Tongue                   Conjuration/Fire             1
   b - Throw Flame                    Conjuration/Fire             2
   c - Conjure Flame                  Conjuration/Fire             3
   d - Inner Flame                    Hexes/Fire                   3
   e - Sticky Flame                   Conjuration/Fire             4
   f - Fireball                       Conjuration/Fire             5
Comestibles
 c - a bread ration
 h - a royal jelly
 k - a meat ration


   Skills:
 + Level 1.9 Dodging
 + Level 1.9 Stealth
 + Level 2.0 Spellcasting
 + Level 1.1 Conjurations
 + Level 3.1 Fire Magic


You had 2 spell levels left.
You knew the following spells:

 Your Spells              Type           Power        Failure   Level  Hunger
a - Flame Tongue          Conj/Fire      ##...        11%         1    #......
b - Throw Flame           Conj/Fire      ##....       16%         2    ###....


Dungeon Overview and Level Annotations

Branches:
Dungeon (2/15)

Annotations:
D:4 Ijyb


Innate Abilities, Weirdness & Mutations

You have a considerably increased reservoir of magic. (+20% MP)
You possess an exceptional clarity of mind.
You are clumsy. (Dex -2)
Your spells are a little harder to cast, but a little more powerful.


Message History

It was a potion of berserk rage.
A red film seems to cover your vision as you go berserk!
You feel yourself moving faster!
You feel mighty! Ijyb hits you with a club.
* * * LOW HITPOINT WARNING * * *
You are too berserk!
Unknown command.
Unknown command.
You are too berserk!
You are too injured to fight recklessly!
You feel a strong urge to attack something.
Ijyb hits you with a club.
* * * LOW HITPOINT WARNING * * *
You feel your anger subside.
You are no longer berserk.
You are exhausted.
You feel yourself slow down.
Ijyb screams, "Get away!"
You block Ijyb's attack.
Ijyb zaps a wand.
The bolt of lightning hits you!
Ouch! That really hurt!
You die...

#########.
#.........
#.#######.
#.#
+#.######.#
.......@g.#
###########


You could see Ijyb.

Vanquished Creatures
  3 dart slugs (D:1)
  2 bats (D:1)
  4 goblins (D:1)
  A hobgoblin (D:1)
  A ball python (D:1)
  A frilled lizard (D:1)
  3 rats (D:1)
15 creatures vanquished.

Notes
Turn   | Place    | Note
-------+----------+-------------------------------------------
     0 | D:1      | darkhara the Demigod Fire Elementalist began the quest for the Orb.
     0 | D:1      | Reached XP level 1. HP: 14/14 MP: 5/5
   137 | D:1      | Reached skill level 1 in Conjurations
   212 | D:1      | Reached skill level 3 in Fire Magic
   373 | D:1      | Reached XP level 2. HP: 20/20 MP: 4/7
   377 | D:1      | Learned a level 2 spell: Throw Flame
   981 | D:2      | You fall through a shaft for 2 floors!
   981 | D:4      | Noticed Ijyb
   995 | D:4      | Gained mutation: You have a considerably increased reservoir of magic. (+20% MP) [potion of mutation]
   995 | D:4      | Gained mutation: Your spells are a little harder to cast, but a little more powerful. [potion of mutation]
   995 | D:4      | Gained mutation: You are clumsy. (Dex -2) [potion of mutation]
   995 | D:4      | Gained mutation: You possess an exceptional clarity of mind. [potion of mutation]
  1005 | D:4      | Killed from afar by Ijyb

Skill      XL: |  1  2 |
---------------+-------+-----
Conjurations   | 1 |  1.1
Fire Magic     | 3 |  3.1
Spellcasting   | 2 |  2.0
Dodging        | |  1.9
Stealth        | |  1.9

Action                   || total
-------------------------++-------
Melee: Dagger            ||    10
       Hand axe          ||     8
 Cast: Flame Tongue      ||    13
       Throw Flame       ||    12
  Use: Scroll            ||     1
       Potion            ||     4
  Eat: Bread ration      ||     1
Armor: Robe              ||     5
       Skin              ||     1
Dodge: Dodged            ||    16
Block: Other             ||     8
